 Dungeon Crawl Stone Soup version 0.31-a0-331-geda263fcf1 (webtiles) character file.

Game seed: 5057698636505385306

368 mopl the Changeling (level 6, -9/42 HPs)
             Began as an Octopode Shapeshifter on July 19, 2023.
             Mangled by an ogre
             ... wielding a +0 giant club
              (19 damage)
             ... on level 5 of the Dungeon.
             The game lasted 00:03:18 (2573 turns).

mopl the Changeling (Octopode Shapeshifter)         Turns: 2573, Time: 00:03:19

Health: -9/42      AC:  1    Str: 14    XL:     6   Next: 69%
Magic:  6/6        EV: 14    Int: 11    God:
Gold:   163        SH:  0    Dex: 14    Spells: 5/5 levels left

rFire   + +          .
                       - Unarmed
rCold   . . .        (no shield)
rNeg    . . .        (helmet currently unavailable)
rPois   .            e - amulet of the acrobat
rElec   .            m - ring of protection from fire
rCorr   .            t - ring of protection from fire
SInv    .            (no ring)
Will    .....        (no ring)
Stlth   ++           (no ring)
HPRegen 0.27/turn    (no ring)
MPRegen 0.10/turn    (no ring)
                     (no ring)

%: acrobat
@: beast-form
A: beast (slay +3), almost no armour, amphibious, 8 rings, camouflage 1,
gelatinous body 1, (nimble swimmer 1), tentacles
a: Begin Untransformation


You were on level 5 of the Dungeon.
You were a hulking beast.
You visited 1 branch of the dungeon, and saw 5 of its levels.

You collected 163 gold pieces.

Inventory:

Hand Weapons
 g - a +4 antimagic dagger
Missiles
 q - 6 javelins
 u - 2 poisoned darts (quivered)
Jewellery
 e - an amulet of the acrobat (around mantle)
 m - a ring of protection from fire (left tentacle)
 t - a ring of protection from fire (right tentacle)
Talismans
 b - a beast talisman
 k - a serpent talisman
 w - a granite talisman
Wands
 r - a wand of flame (29)
Scrolls
 d - a scroll of silence {unknown}
 h - 2 scrolls of brand weapon {unknown}
 j - a scroll of fear
 l - a scroll of teleportation {unknown}
 p - a scroll of fog {unknown}
 s - a scroll of poison {unknown}
 x - a scroll of blinking {unknown}
Potions
 a - 2 potions of lignification {!q}
 c - 2 potions of enlightenment {unknown}
 f - a potion of might
 i - 2 potions of mutation {!q}
 n - a potion of heal wounds
 o - a potion of curing
 v - 2 potions of degeneration {unknown}


   Skills:
 + Level 3.3 Fighting
 + Level 3.1 Dodging
 * Level 4.2 Unarmed Combat
 * Level 4.3 Shapeshifting


You had 5 spell levels left.
You didn't know any spells.
Your spell library contained the following spells:

 Spells                   Type           Power      Damage    Failure   Level
 Apportation              Tloc           0%         N/A       34%         1
 Necrotise                Necr           0%         1d4       34%         1
 Summon Small Mammal      Summ           0%         N/A       34%         1
 Dazzling Flash           Conj/Hex       0%         N/A       71%         3
 Agony                    Necr           0%         N/A       100%        5
 Silence                  Hex/Air        0%         N/A       100%        5


Dungeon Overview and Level Annotations

Branches:
Dungeon (5/15)
 Temple: D:4-7

Altars:
Elyvilon
Hepliaklqana
Xom


Innate Abilities, Weirdness & Mutations

You are a hulking beast.
Your limbs bulge with bestial killing power. (Slay +3)
You cannot wear most types of armour.
You are amphibious.
You can wear up to eight rings at the same time.
Your skin changes colour to match your surroundings (Stealth+).
Your rubbery body absorbs attacks. (AC +1, EV +1)
((You are camouflaged when in or above water. (Stealth+)))
You have tentacles for arms and can constrict up to eight enemies at once.


Message History

Found a robe.
The adder completely misses you.
You barely miss the adder. You grab the adder. You constrict the adder.
The adder bites you.
You tentacle-slap the adder. Your squeeze misses the adder.
The adder is almost dead.
You constrict the adder.
You kill the adder!
An ogre comes into view. It is wielding a +0 giant club.
Found 6 stones.
The ogre shouts!
The worm barely misses you.
You tentacle-slap the worm. You grab the worm. You squeeze the worm!
The worm is heavily wounded.
You constrict the worm. The worm barely misses you.
You tentacle-slap the worm.
The worm is severely wounded.
You constrict the worm. You tentacle-slap the worm.
The worm is almost dead.
You constrict the worm.
You kill the worm!
Aiming: Throw Flame
Press: ? - help, Shift-Dir - straight line, f - ogre
Aim: an ogre, wielding a +0 giant club (85% to hit)
The puff of flame hits the ogre.
The ogre is moderately wounded.
You tentacle-slap the ogre.
The ogre is heavily wounded.
The ogre hits you with a +0 giant club!!
Ouch! That really hurt!
* * * LOW HITPOINT WARNING * * *
You closely miss the ogre.
The ogre is heavily wounded.
You closely miss the ogre. You squeeze the ogre!
The ogre is severely wounded.
The ogre closely misses you.
You barely miss the ogre. You squeeze the ogre.
The ogre is almost dead.
The ogre hits you with a +0 giant club!!
You die...

.. #.....#####
..( #.#.......#
...##........#
#..#.#.....##
#...##.†...##..
#.....!......
##....######.
#..<## #.h.#
#..O#...#
#....##...#
#.... ?.....
...... #.....
..!.... .....
##..... .....
##...# ...#


You could see an ogre.

Vanquished Creatures
  An ogre (D:4)
  A scorpion (D:4)
  Crazy Yiuf (D:2)
  2 iguanas (D:4)
  Terence (D:2)
  4 adders
  2 worms
  2 dart slugs (D:2)
  An orc (D:3)
  7 ball pythons
  6 endoplasms
  2 giant cockroaches
  9 goblins
  10 hobgoblins
  3 jackals (D:2)
  4 quokkas
  3 bats
  3 frilled lizards
  5 kobolds
  4 rats
71 creatures vanquished.

Notes
Turn   | Place    | Note
-------+----------+-------------------------------------------
     0 | D:1      | mopl the Octopode Shapeshifter began the quest for the Orb.
     0 | D:1      | Reached XP level 1. HP: 14/14 MP: 1/1
   185 | D:1      | Reached XP level 2. HP: 14/19 MP: 2/2
   553 | D:1      | Reached XP level 3. HP: 23/24 MP: 3/3
   783 | D:2      | Noticed Terence
   792 | D:2      | Killed Terence
   793 | D:2      | Reached XP level 4. HP: 27/30 MP: 4/4
  1129 | D:2      | Reached skill level 3 in Unarmed Combat
  1506 | D:2      | Found a runed translucent door.
  1507 | D:2      | Noticed Crazy Yiuf
  1512 | D:2      | Killed Crazy Yiuf
  1513 | D:2      | Reached XP level 5. HP: 23/35 MP: 5/5
  1675 | D:3      | Found a white marble altar of Elyvilon.
  1879 | D:3      | Found a shimmering altar of Xom.
  1880 | D:3      | Found a hazy altar of Hepliaklqana.
  1881 | D:3      | Noticed a spectral ugly thing
  1992 | D:4      | Reached skill level 3 in Fighting
  2166 | D:4      | Reached skill level 4 in Shapeshifting
  2211 | D:4      | Noticed an ogre
  2217 | D:4      | Killed an ogre
  2218 | D:4      | Reached skill level 3 in Dodging
  2218 | D:4      | Reached skill level 4 in Unarmed Combat
  2218 | D:4      | Reached XP level 6. HP: 42/42 MP: 6/6
  2556 | D:5      | Entered Level 5 of the Dungeon
  2573 | D:5      | Mangled by an ogre

Illustrated notes

Levels and vault maps discovered:
D:1:      noname_arrival_rooms_in_the_neighbourhood, layout_basic,
          minmay_tree_intersection, serial_park_tiny_2
D:2:      kb_forest_paths, layout_basic, serial_park_tiny_pond, uniq_terence,
          uniq_crazy_yiuf_cottage
D:3:      layout_rooms, regret_index_temple_of_mockery, general_overflow_altar
D:4:      layout_basic, serial_park_tiny_2, hex_tiny, palyth_stone_intersect,
          amethyst_killhole
D:5:      layout_cave_pools, portal_sewer_entry_d

Skill      XL: |  1  2  3  4  5 |
---------------+----------------+-----
Unarmed Combat | 3 4 |  4.2
Fighting       | 3 |  3.3
Shapeshifting  | 4 |  4.3
Dodging        | 3 |  3.1

Action                     |  1- 3 |  4- 6 || total
---------------------------+-------+-------++-------
  Melee: Unarmed           |    53 |    94 ||   147
         Constrict         |    17 |    23 ||    40
         Tentacles         |     7 |    20 ||    27
         Punch             |       |     3 ||     3
  Throw: Dart              |       |     2 ||     2
  Evoke: Wand              |       |     2 ||     2
    Use: Scroll            |       |     5 ||     5
   Stab: Sleeping          |     7 |     8 ||    15
 Armour: Skin              |     2 |     1 ||     3
  Dodge: Dodged            |    45 |    56 ||   101

Table legend: (Time is in decaauts)
 A = Elapsed time spent in this place.
 B = Non-inter-level travel time spent in this place.
 C = Inter-level travel time spent in this place.
 D = Time resting spent in this place.
 E = Time spent auto-exploring this place.
 F = Levels seen in this place.
 G = Mean time per level.
                   A        B        C        D        E       F      G
               +--------+--------+--------+--------+--------+-----+--------+
         Total |   2562 |   2496 |     66 |    145 |   1880 |   5 |  512.4 |
       Dungeon |   2562 |   2496 |     66 |    145 |   1880 |   5 |  512.4 |
               +--------+--------+--------+--------+--------+-----+--------+

Top non-repeatable levels by time:
     D:2: 843 daAuts
     D:1: 729 daAuts
     D:4: 611 daAuts
     D:3: 362 daAuts
     D:5: 16 daAuts
